 Dungeon Crawl Stone Soup version 0.31-a0-204-g7da18cac08 (webtiles) character file.

Game seed: 9412745031244234790

133 qw the Skirmisher (level 4, 0/25 HPs)
             Began as a Deep Elf Hunter on June 27, 2023.
             Slain by a bullfrog (3 damage)
             ... in a sewer.
             The game lasted 00:00:55 (1561 turns).

qw the Skirmisher (Deep Elf Hunter)                 Turns: 1561, Time: 00:00:55

Health: 0/25       AC:  6    Str: 10    XL:     4   Next: 93%
Magic:  6/6        EV: 11    Int: 14    God:
Gold:   109        SH:  0    Dex: 16    Spells: 3/3 levels left

rFire   . . .        Y - +0 shortbow (drain)
rCold   . . .        (shield currently unavailable)
rNeg    . . .        e - +0 ring mail
rPois   .            (no helmet)
rElec   .            (no cloak)
rCorr   .            c - +0 pair of gloves
SInv    .            (no boots)
Will    .....        (no amulet)
Stlth   +            (no ring)
HPRegen 0.24/turn    (no ring)
MPRegen 0.10/turn

%: no passive effects
@: very slow
A: clumsy 1
a: no special abilities


You were in a sewer.
You visited 1 branch of the dungeon, and saw 3 of its levels.
You also visited: Sewer.

You collected 109 gold pieces.


Innate Abilities, Weirdness & Mutations

You are clumsy. (Dex -2)


   Skills:
 - Level 1.5 Fighting
 + Level 8.3 Ranged Weapons
 - Level 2.4 Dodging
 - Level 1.2 Stealth


You had 3 spell levels left.
You didn't know any spells.
Your spell library was empty.

Inventory:

Hand Weapons
 Y - a +0 shortbow of draining (weapon)
Armour
 c - a +0 pair of gloves (worn)
 e - a +0 ring mail (worn)
Potions
 b - a potion of curing
 d - 3 potions of heal wounds
 f - a potion of degeneration {unknown}
 j - a potion of mutation

Dungeon Overview and Level Annotations

Branches:
Dungeon (3/15)              Sewer (1/1)

Altars:

Shops:
D:2 (


Message History

The arrow hits the bullfrog but does no damage.
The bullfrog hits you but does no damage.
You shoot an arrow. The arrow misses the bullfrog.
The arrow closely misses the bullfrog.
The bullfrog barely misses you. The bullfrog hits you.
The bullfrog hits you but does no damage.
The bullfrog misses you.
You shoot an arrow. The arrow barely misses the bullfrog.
The bullfrog hits you. The bullfrog completely misses you.
The bullfrog barely misses you.
You shoot an arrow. The arrow hits the bullfrog!
The bullfrog is moderately wounded.
The bullfrog barely misses you.
The bullfrog hits you but does no damage.
The ball python closely misses you. The ball python grabs you.
The ball python constricts you.
The bullfrog hits you but does no damage. x2
You shoot an arrow.
The arrow hits the ball python but does no damage.
The bullfrog barely misses you. The ball python closely misses you.
The ball python constricts you. The bullfrog barely misses you.
The bullfrog closely misses you. The ball python bites you.
The ball python constricts you.
You shoot an arrow. The arrow hits the ball python.
The ball python is severely wounded.
The bullfrog barely misses you. The bullfrog closely misses you.
The bullfrog barely misses you.
The ball python bites you but does no damage.
The ball python constricts you.
The bullfrog hits you but does no damage.
You shoot an arrow. The arrow hits the ball python!
You kill the ball python!
The bullfrog misses you.
The bullfrog hits you but does no damage.
The bullfrog hits you.
You shoot an arrow. The arrow closely misses the bullfrog.
The bullfrog hits you. x2
The bullfrog swells and bulges.
The bullfrog hits you.
You die...

#~# ~~~~~~~%# #%#
~~.~~~.~%~~~~.# #.#
~~~~~~~~~~~~~.# ### #.#
~~?[~~~~~~~~~.# #.# #%#
~.)/?~~~~~~~~.# #\# #.#
~..!B~~~~~~~~.# #.# #.#
~~..~~~~~.~~~.# #\# #.#
~~~~~~F~~.~~~.# #.# #.#
~~~~~~F@~.~~~.# #.# #.#
~~~~~~~~~.~~~.###~## #.#
~~~~~~~~#.~~~.##.~.# #.#
~~~~~~~~#.~~~.##.~~# #.#
#~~~~~###.~~~.##%~.# #.#
###### #.~~~.##%~.# #%#
#.~~~~##.~~# #.# #~~~~.##~~~#
#.################~~~~~##~~~##


You could see 2 bullfrogs and a giant cockroach.

Vanquished Creatures
  4 adders (D:2)
  A worm (D:2)
  A dart slug (D:2)
  3 bats (D:1)
  2 endoplasms
  11 giant cockroaches
  7 goblins
  7 hobgoblins
  9 jackals (D:1)
  6 kobolds
  7 quokkas
  8 ball pythons
  9 frilled lizards
  6 rats
81 creatures vanquished.

Notes
Turn   | Place    | Note
-------+----------+-------------------------------------------
     0 | D:1      | qw the Deep Elf Hunter began the quest for the Orb.
     0 | D:1      | Reached XP level 1. HP: 12/12 MP: 3/3
     0 | D:1      | 0 ||| qw: Version: 0.3-a-22-g0ed2b0b
     0 | D:1      | 0 ||| qw: Game counter: 6391
     0 | D:1      | 0 ||| qw: Melee chars always use a shield: true
     0 | D:1      | 0 ||| qw: God list: Okawaru
     0 | D:1      | 0 ||| qw: Allow faded altars: false
     0 | D:1      | 0 ||| qw: Do Orc after clearing Dungeon:15 true
     0 | D:1      | 0 ||| qw: Do second Lair branch before Depths: true
     0 | D:1      | 0 ||| qw: Lair rune preference: random
     0 | D:1      | 0 ||| qw: Goals: Normal
     0 | D:1      | 0 ||| PLANNING D:1-11
   183 | D:1      | Reached skill level 6 in Ranged Weapons
   183 | D:1      | Reached XP level 2. HP: 16/16 MP: 4/4
   356 | D:1      | Reached XP level 3. HP: 20/20 MP: 5/5
   730 | D:1      | 730 ||| UPGRADING to +0 ring mail.
   740 | D:1      | 740 ||| DROPPING +0 leather armour.
   741 | D:1      | 741 ||| READING scroll labelled PATEUNINAH.
   744 | D:1      | 744 ||| READING scroll labelled SUDEDA WUCEXT.
   745 | D:1      | 745 ||| READING scroll labelled DAOGUV EMUONI.
   746 | D:1      | 746 ||| DRINKING 2 bubbling white potions.
   747 | D:1      | 747 ||| DROPPING scroll of butterflies.
   763 | D:2      | Found Walagg's Weapon Shoppe.
   771 | D:2      | 771 ||| SHOPLISTING +6 sling of draining (381 gold, have
                  | 41).
   825 | D:2      | Reached skill level 7 in Ranged Weapons
   828 | D:2      | 828 ||| FLEEEEING.
   829 | D:2      | 829 ||| FLEEEEING.
   830 | D:2      | 830 ||| FLEEEEING.
   831 | D:2      | 831 ||| FLEEEEING.
   832 | D:2      | 832 ||| FLEEEEING.
   833 | D:2      | 833 ||| FLEEEEING.
   835 | D:2      | 835 ||| FLEEEEING.
   836 | D:2      | 836 ||| FLEEEEING.
   837 | D:2      | 837 ||| FLEEEEING.
   838 | D:2      | 838 ||| FLEEEEING.
   839 | D:2      | 839 ||| FLEEEEING.
   951 | D:2      | Found a faded altar of an unknown god.
   956 | D:2      | Reached XP level 4. HP: 25/25 MP: 6/6
  1301 | D:2      | 1301 ||| UPGRADING to +0 pair of gloves.
  1306 | D:2      | 1306 ||| DROPPING ring of flight.
  1307 | D:2      | 1307 ||| READING 3 scrolls labelled LESHROC TUUNYDYQUNT.
  1308 | D:2      | 1308 ||| READING scroll labelled MUODWY ORRACS.
  1309 | D:2      | 1309 ||| DRINKING 2 bubbling clear potions.
  1310 | D:2      | 1310 ||| DRINKING 3 glowing ruby potions.
  1310 | D:2      | Gained mutation: You sometimes lose your temper in combat.
                  | [potion of mutation]
  1310 | D:2      | Gained mutation: Your muscles are strong. (Str +4, Int/Dex
                  | -1) [potion of mutation]
  1310 | D:2      | Gained mutation: Your flesh is cold resistant. (rC+)
                  | [potion of mutation]
  1311 | D:2      | 1311 ||| DRINKING 2 potions of mutation.
  1311 | D:2      | Lost mutation: Your muscles are strong. (Str +4, Int/Dex
                  | -1) [potion of mutation]
  1311 | D:2      | Lost mutation: Your flesh is cold resistant. (rC+) [potion
                  | of mutation]
  1311 | D:2      | Lost mutation: You sometimes lose your temper in combat.
                  | [potion of mutation]
  1311 | D:2      | Gained mutation: You are clumsy. (Dex -2) [potion of
                  | mutation]
  1312 | D:2      | 1312 ||| DROPPING 2 scrolls of fear.
  1324 | D:3      | 1324 ||| PLANNING SEWER
  1347 | D:3      | Found a glowing drain.
  1356 | D:3      | Reached skill level 8 in Ranged Weapons
  1361 | Sewer    | Entered a sewer
  1447 | Sewer    | 1447 ||| Stepping ~*~*~tactically~*~*~ (water).
  1453 | Sewer    | 1453 ||| Stepping ~*~*~tactically~*~*~ (water).
  1457 | Sewer    | 1457 ||| Stepping ~*~*~tactically~*~*~ (water).
  1464 | Sewer    | 1464 ||| Stepping ~*~*~tactically~*~*~ (water).
  1530 | Sewer    | 1530 ||| Stepping ~*~*~tactically~*~*~ (water).
  1552 | Sewer    | Noticed a bullfrog
  1552 | Sewer    | Noticed a bullfrog
  1561 | Sewer    | HP: 6/25 [bullfrog (6)]
  1561 | Sewer    | Slain by a bullfrog

Levels and vault maps discovered:
D:1:      minmay_arrival_four_houses, layout_loops_ring
D:2:      layout_rooms, serial_shops, shop, chequers_ecumenical_altar_simple,
          serial_bayou_pond_b, st_stairs_14, kennysheep_flooded_box
D:3:      layout_basic, cheibrodos_sewer_entry_drain
Sewer:    sewer_frog_island_01

Skill      XL: |  1  2  3  4 |
---------------+-------------+-----
Ranged Weapons | 6 7 8 |  8.3
Fighting       | |  1.5
Dodging        | |  2.4
Stealth        | |  1.2

Action                     |  1- 3 |  4- 6 || total
---------------------------+-------+-------++-------
   Fire: Shortbow          |   110 |   108 ||   218
    Use: Scroll            |     3 |     2 ||     5
         Potion            |     1 |     3 ||     4
 Armour: Leather armour    |     6 |       ||     6
         Ring mail         |       |    14 ||    14
  Dodge: Dodged            |    36 |    29 ||    65

Table legend:
 A = Non-vault XP
 B = Vault XP
 C = Vault XP percentage of total XP
 D = Non-vault monster count
 E = Vault monster count
 F = Vault count percentage of total count
                 A         B        C        D         E       F
            +---------+---------+-------+---------+---------+-------
      Total |     136 |      54 |  28.4 |      49 |      32 |  39.5
            +---------+---------+-------+---------+---------+-------
        D:1 |      50 |       0 |   0.0 |      28 |       0 |   0.0
        D:2 |      82 |      11 |  11.8 |      18 |       5 |  21.7
        D:3 |       4 |       4 |  50.0 |       3 |       3 |  50.0
      Sewer |       0 |      39 | 100.0 |       0 |      24 | 100.0
            +---------+---------+-------+---------+---------+-------
